 Dungeon Crawl Stone Soup version 0.31-a0-164-g2312942fda (webtiles) character file.

Game seed: 5251937419310552000

228 qw the Shooter (level 6, -1/56 HPs)
             Began as a Naga Hunter on June 13, 2023.
             Slain by an orc warrior
             ... wielding a +0 hand axe
              (6 damage)
             ... on level 4 of the Dungeon.
             The game lasted 00:01:00 (2686 turns).

qw the Shooter (Naga Hunter)                        Turns: 2686, Time: 00:01:01

Health: -1/56      AC:  5    Str: 14    XL:     6   Next: 2%
Magic:  6/6        EV:  9    Int:  9    God:
Gold:   122        SH:  0    Dex: 16    Spells: 5/5 levels left

rFire   . . .        Y - +0 shortbow
rCold   . . .        (shield currently unavailable)
rNeg    . . .        c - +0 leather armour
rPois   +            (no helmet)
rElec   .            (no cloak)
rCorr   .            d - +1 pair of gloves
SInv    +            (no barding)
Will    .....        (no amulet)
Stlth   ++           (no ring)
HPRegen 0.29/turn    (no ring)
MPRegen 0.10/turn

%: no passive effects
@: very slow
A: AC +2, large, see invisible, deformed body, poison resistance, slowness 2,
spit poison 1, naga tail 1
a: Spit Poison


You were on level 4 of the Dungeon.
You visited 1 branch of the dungeon, and saw 4 of its levels.

You collected 122 gold pieces.


Innate Abilities, Weirdness & Mutations

Your serpentine skin is tough. (AC +2)
You have supernaturally acute eyesight. (SInv)
Armour fits poorly on your strangely shaped body.
Your system is resistant to poisons. (rPois)
You cover ground very slowly.
You can spit poison.
You have a snake-like lower body.


   Skills:
 + Level 3.2 Fighting
 - Level 6.0 Ranged Weapons
 - Level 1.5 Dodging
 - Level 1.5 Stealth


You had 5 spell levels left.
You didn't know any spells.
Your spell library was empty.

Inventory:

Hand Weapons
 Y - a +0 shortbow (weapon)
Armour
 c - a +0 leather armour (worn)
 d - a +1 pair of gloves (worn)
Scrolls
 a - a scroll of identify
Potions
 e - a potion of haste
 g - a potion of curing
 h - a potion of might

Dungeon Overview and Level Annotations

Branches:
Dungeon (4/15)
 Temple: D:4-7

Altars:

Annotations:
D:3 exclusion: gnoll


Message History

You kill the adder!
A goblin comes into view. It is wielding a +0 dagger.
The orc priest calls down the wrath of Beogh upon you.
Beogh smites you!
The orc priest looks satisfied for a moment.
The goblin moves out of view.
You have reached level 6!
Your skin feels tougher.
You shoot an arrow. The arrow hits the orc warrior.
The orc warrior is lightly wounded.
The orc wizard barely misses you. The orc priest barely misses you.
You shoot an arrow.
The arrow closely misses the orc warrior.
You have got your breath back.
The orc wizard hits you but does no damage.
The orc priest closely misses you.
The orc warrior hits you with a +0 hand axe!
2683 ||| INVOKING Spit Poison.
Aiming: Spit Poison (1% risk of failure)
Press: ? - help, Shift-Dir - straight line, f/p - orc warrior The splash of poison hits the orc warrior.
The orc warrior is moderately wounded.
The orc priest hits you from afar with a +0 trident.
The orc warrior hits you with a +0 hand axe.
You shoot an arrow.
The arrow closely misses the orc warrior.
The orc wizard points at you and mumbles some strange words.
The magic dart hits you.
The orc priest hits you from afar with a +0 trident.
The orc warrior closely misses you.
You shoot an arrow.
The arrow closely misses the orc warrior.
The orc wizard hits you but does no damage.
The orc priest closely misses you. The orc warrior closely misses you.
You shoot an arrow.
The arrow closely misses the orc warrior.
You have got your breath back.
The orc wizard barely misses you.
The orc priest calls upon Beogh to heal the orc warrior.
The orc warrior hits you with a +0 hand axe.
You die...

# #.# #.# #.#.# #.#
#.#.########.#######
...................
#.######...###.###
#........### #.#
#..####### #.# #..#
#.# #@## #.#
.....Joo# #.#
.#...o"##
#########.# ...####
#.........### ..
#.#######.... #.#
#.### #.# #.# #.#
#.# #.#######.###


You could see an orc warrior, an orc priest, an orc wizard (invisible) and an
endoplasm.

Vanquished Creatures
  A scorpion (D:3)
  3 gnolls (D:3)
  5 adders
  5 dart slugs
  5 orcs (D:3)
  6 ball pythons
  7 endoplasms
  6 giant cockroaches
  7 goblins
  4 hobgoblins
  3 jackals (D:3)
  10 kobolds
  5 quokkas
  2 bats
  3 frilled lizards
  6 rats
78 creatures vanquished.

Notes
Turn   | Place    | Note
-------+----------+-------------------------------------------
     0 | D:1      | qw the Naga Hunter began the quest for the Orb.
     0 | D:1      | Reached XP level 1. HP: 19/19 MP: 1/1
     0 | D:1      | 0 ||| qw: Version: 0.2-a-29-gc1b59c4
     0 | D:1      | 0 ||| qw: Game counter: 4514
     0 | D:1      | 0 ||| qw: Always use a shield: true
     0 | D:1      | 0 ||| qw: God list: Okawaru
     0 | D:1      | 0 ||| qw: Allow faded altars: false
     0 | D:1      | 0 ||| qw: Do Orc after D:15 true
     0 | D:1      | 0 ||| qw: Do second Lair branch before Depths: true
     0 | D:1      | 0 ||| qw: Lair rune preference: random
     0 | D:1      | 0 ||| qw: Plans: Normal
     0 | D:1      | 0 ||| PLANNING D:1-11
   190 | D:1      | 190 ||| INVOKING Spit Poison.
   192 | D:1      | Reached skill level 4 in Ranged Weapons
   192 | D:1      | Reached XP level 2. HP: 26/26 MP: 2/2
   243 | D:1      | 243 ||| INVOKING Spit Poison.
   294 | D:1      | 294 ||| INVOKING Spit Poison.
   299 | D:1      | 299 ||| INVOKING Spit Poison.
   355 | D:1      | 355 ||| INVOKING Spit Poison.
   364 | D:1      | 364 ||| INVOKING Spit Poison.
   365 | D:1      | 365 ||| INVOKING Spit Poison.
   368 | D:1      | 368 ||| INVOKING Spit Poison.
   378 | D:1      | 378 ||| INVOKING Spit Poison.
   389 | D:1      | 389 ||| INVOKING Spit Poison.
   406 | D:1      | 406 ||| INVOKING Spit Poison.
   408 | D:1      | Reached XP level 3. HP: 32/32 MP: 3/3
   421 | D:1      | 421 ||| INVOKING Spit Poison.
   429 | D:1      | 429 ||| INVOKING Spit Poison.
   445 | D:1      | 445 ||| INVOKING Spit Poison.
   449 | D:1      | 449 ||| INVOKING Spit Poison.
   464 | D:1      | 464 ||| INVOKING Spit Poison.
   562 | D:1      | 562 ||| INVOKING Spit Poison.
   634 | D:1      | 634 ||| INVOKING Spit Poison.
   747 | D:1      | 747 ||| INVOKING Spit Poison.
   788 | D:1      | 788 ||| READING 3 scrolls labelled NEOROF BAOFIRGH.
   789 | D:1      | 789 ||| READING scroll labelled TIUTUU UFOEWUNT.
   790 | D:1      | 790 ||| READING scroll labelled MONTIQ UNIEWO.
   791 | D:1      | 791 ||| READING scroll labelled QUOFOUZ OHERIPP.
   792 | D:1      | 792 ||| READING 2 scrolls of identify.
   792 | D:1      | 792 ||| IDENTIFYING red potion
   793 | D:1      | 793 ||| DROPPING scroll of butterflies.
   821 | D:2      | 821 ||| INVOKING Spit Poison.
   824 | D:2      | 824 ||| INVOKING Spit Poison.
   827 | D:2      | 827 ||| STAIRDANCE
   881 | D:2      | 881 ||| INVOKING Spit Poison.
   901 | D:2      | 901 ||| INVOKING Spit Poison.
   904 | D:2      | 904 ||| INVOKING Spit Poison.
   907 | D:2      | 907 ||| INVOKING Spit Poison.
   908 | D:2      | Reached skill level 5 in Ranged Weapons
   908 | D:2      | Reached XP level 4. HP: 37/39 MP: 4/4
   929 | D:2      | Found a faded altar of an unknown god.
   990 | D:2      | 990 ||| INVOKING Spit Poison.
  1016 | D:2      | 1016 ||| INVOKING Spit Poison.
  1068 | D:2      | 1068 ||| INVOKING Spit Poison.
  1081 | D:2      | 1081 ||| INVOKING Spit Poison.
  1095 | D:2      | 1095 ||| INVOKING Spit Poison.
  1101 | D:2      | 1101 ||| INVOKING Spit Poison.
  1159 | D:2      | 1159 ||| INVOKING Spit Poison.
  1163 | D:2      | 1163 ||| INVOKING Spit Poison.
  1182 | D:2      | 1182 ||| INVOKING Spit Poison.
  1187 | D:2      | 1187 ||| INVOKING Spit Poison.
  1190 | D:2      | 1190 ||| INVOKING Spit Poison.
  1222 | D:2      | 1222 ||| INVOKING Spit Poison.
  1341 | D:2      | 1341 ||| INVOKING Spit Poison.
  1485 | D:2      | 1485 ||| UPGRADING to +0 pair of gloves.
  1490 | D:2      | 1490 ||| READING scroll of enchant armour.
  1490 | D:2      | 1490 ||| ENCHANTING +0 pair of gloves.
  1491 | D:2      | 1491 ||| READING scroll labelled KICUDE APNOF PUWU.
  1492 | D:2      | 1492 ||| READING 4 scrolls of identify.
  1492 | D:2      | 1492 ||| IDENTIFYING murky pink potion
  1493 | D:2      | 1493 ||| READING 3 scrolls of identify.
  1493 | D:2      | 1493 ||| IDENTIFYING brown potion
  1494 | D:2      | 1494 ||| READING 2 scrolls of identify.
  1494 | D:2      | 1494 ||| IDENTIFYING sapphire potion
  1495 | D:2      | 1495 ||| DROPPING potion of lignification.
  1496 | D:2      | 1496 ||| DROPPING potion of enlightenment.
  1528 | D:3      | 1528 ||| INVOKING Spit Poison.
  1557 | D:3      | 1557 ||| INVOKING Spit Poison.
  1597 | D:3      | 1597 ||| INVOKING Spit Poison.
  1673 | D:3      | 1673 ||| INVOKING Spit Poison.
  1676 | D:3      | Reached skill level 3 in Fighting
  1678 | D:3      | 1678 ||| INVOKING Spit Poison.
  1681 | D:3      | Reached XP level 5. HP: 16/49 MP: 5/5
  1813 | D:3      | 1813 ||| INVOKING Spit Poison.
  1826 | D:3      | 1826 ||| INVOKING Spit Poison.
  1879 | D:3      | 1879 ||| INVOKING Spit Poison.
  1882 | D:3      | 1882 ||| INVOKING Spit Poison.
  1964 | D:3      | 1964 ||| INVOKING Spit Poison.
  1971 | D:3      | 1971 ||| INVOKING Spit Poison.
  1975 | D:3      | 1975 ||| INVOKING Spit Poison.
  1981 | D:3      | 1981 ||| INVOKING Spit Poison.
  2040 | D:3      | 2040 ||| INVOKING Spit Poison.
  2043 | D:3      | 2043 ||| INVOKING Spit Poison.
  2127 | D:3      | 2127 ||| INVOKING Spit Poison.
  2133 | D:3      | 2133 ||| INVOKING Spit Poison.
  2383 | D:3      | 2383 ||| READING scroll labelled TICZOW TI RAGE.
  2388 | D:3      | 2388 ||| READING 3 scrolls labelled WYBAJO AGOWN.
  2467 | D:3      | 2467 ||| DRINKING 2 dark potions.
  2468 | D:3      | 2468 ||| DROPPING 2 scrolls of torment.
  2476 | D:4      | 2476 ||| INVOKING Spit Poison.
  2483 | D:4      | 2483 ||| INVOKING Spit Poison.
  2664 | D:4      | Reached skill level 6 in Ranged Weapons
  2672 | D:4      | Noticed an orc warrior
  2673 | D:4      | 2673 ||| INVOKING Spit Poison.
  2678 | D:4      | 2678 ||| INVOKING Spit Poison.
  2681 | D:4      | Reached XP level 6. HP: 35/56 MP: 6/6
  2683 | D:4      | 2683 ||| INVOKING Spit Poison.
  2683 | D:4      | HP: 11/56 [orc warrior/+0 hand axe (6)]
  2684 | D:4      | HP: 5/56 [orc priest/+0 trident (4)]
  2686 | D:4      | Slain by an orc warrior

Levels and vault maps discovered:
D:1:      dpeg_arrival_arbitrary_b, layout_basic, minmay_circled_x
D:2:      layout_basic, chequers_ecumenical_altar_lobes, roderic_lattice_a,
          st_stairs_7, minmay_misc_feat_square
D:3:      layout_basic, kennysheep_donut
D:4:      layout_basic, nicolae_overflow_crystal_walls, grunt_qazlal_clouds

Skill      XL: |  1  2  3  4  5 |
---------------+----------------+-----
Ranged Weapons | 4 5 6 |  6.0
Fighting       | 3 |  3.2
Dodging        | |  1.5
Stealth        | |  1.5

Action                     |  1- 3 |  4- 6 || total
---------------------------+-------+-------++-------
   Fire: Shortbow          |    46 |    90 ||   136
Ability: Spit Poison       |    24 |    35 ||    59
    Use: Scroll            |     5 |     7 ||    12
         Potion            |       |     1 ||     1
 Armour: Leather armour    |     2 |     9 ||    11
  Dodge: Dodged            |    13 |    26 ||    39

Table legend:
 A = Non-vault XP
 B = Vault XP
 C = Vault XP percentage of total XP
 D = Non-vault monster count
 E = Vault monster count
 F = Vault count percentage of total count
                 A         B        C        D         E       F
            +---------+---------+-------+---------+---------+-------
      Total |     318 |       9 |   2.8 |      73 |       5 |   6.4
            +---------+---------+-------+---------+---------+-------
        D:1 |      48 |       8 |  14.3 |      25 |       4 |  13.8
        D:2 |      73 |       1 |   1.4 |      20 |       1 |   4.8
        D:3 |     164 |       0 |   0.0 |      23 |       0 |   0.0
        D:4 |      33 |       0 |   0.0 |       5 |       0 |   0.0
            +---------+---------+-------+---------+---------+-------
